 Dungeon Crawl Stone Soup version 0.30.1-11-g7821555f0a (webtiles) character file.

Game seed: 5749635648209510947

181 jagang the Slasher (level 5, -10/42 HPs)
             Began as a Human Monk on Dec 26, 2023.
             Mangled by an ogre
             ... wielding a +0 giant club
              (21 damage)
             ... on level 4 of the Dungeon.
             The game lasted 00:05:58 (2738 turns).

jagang the Slasher (Human Monk)                     Turns: 2738, Time: 00:05:59

Health: -10/42     AC:  9    Str:  7    XL:     5   Next: 92%
Magic:  5/5        EV:  4    Int: 10    God:
Gold:   126        SH:  0    Dex: 17    Spells: 4/4 levels left

rFire   + + +        t - +6 spear "Qaoll" {flame, rPois rF+++ Str-5 Stlth-}
rCold   . . .        d - orb {light}
rNeg    . . .        o - +0 chain mail
rPois   +            (no helmet)
rElec   .            f - +0 cloak
rCorr   .            (no gloves)
SInv    .            (no boots)
Will    .....        (no amulet) Stlth
                     (no ring)
HPRegen 0.27/turn    (no ring)
MPRegen 0.09/turn

%: no passive effects
@: glowing
A: no striking features
a: no special abilities


You were on level 4 of the Dungeon.
You visited 1 branch of the dungeon, and saw 4 of its levels.

You collected 126 gold pieces.

Inventory:

Hand Weapons
 a - a +0 falchion
 t - the +6 spear "Qaoll" (weapon) {flame, rPois rF+++ Str-5 Stlth-}
   (You found it on level 2 of the Dungeon)

   Str:       It affects your strength (-5).
   rF:        It renders you almost immune to fire.
   rPois:     It protects you from poison.
   Stlth:     It makes you less stealthy.
Missiles
 e - 3 javelins
 s - 2 poisoned darts (quivered)
Armour
 d - an orb of light (worn)
 f - a +0 cloak (worn)
 i - an orb of wrath
 o - a +0 chain mail (worn)
Scrolls
 b - 4 scrolls of identify {unknown}
 g - 3 scrolls of teleportation {unknown}
 k - 4 scrolls of vulnerability {unknown}
 l - a scroll of immolation {unknown}
 n - a scroll of butterflies {unknown}
 p - a scroll of poison {unknown}
 r - a scroll of magic mapping {unknown}
 u - a scroll of amnesia {unknown}
Potions
 c - a potion of ambrosia
 h - 3 potions of heal wounds {unknown}
 j - a potion of resistance {unknown}
 m - 3 potions of mutation {unknown}
 q - a potion of degeneration {unknown}
 v - 2 potions of haste {unknown}


   Skills:
 * Level 4.2 Fighting
 * Level 4.2 Long Blades
 + Level 1.2 Throwing
 * Level 2.4 Armour
 - Level 3.0 Dodging


You had 4 spell levels left.
You didn't know any spells.
Your spell library contained the following spells:

 Spells                   Type           Power      Damage    Failure   Level
 Cause Fear               Hex            0%         N/A       100%        4
 Dragon Form              Tmut           0%         N/A       100%        7
 Dragon's Call            Summ           0%         N/A       100%        9


Dungeon Overview and Level Annotations

Branches:
Dungeon (4/15)
 Temple: D:4-7

Altars:

Shops:
D:1 =[*[


Message History

Throw: 3 darts (poison)
Press: ? - help, Q - select action, (/) - cycle Shift-Dir - straight line, f/p - ogre
Aim: an ogre, wielding a +0 giant club (lightly wounded, poisoned, haloed, 93% to hit)
You throw a poisoned dart. The poisoned dart hits the ogre.
The ogre looks even sicker.
The ogre is lightly wounded.
You reach to attack!
You hit the ogre. You burn the ogre.
The ogre is moderately wounded.
The ogre hits you with a +0 giant club!
You hit the ogre. You burn the ogre.
The ogre is heavily wounded.
You hit the ogre. You burn the ogre.
The ogre is almost dead.
The ogre hits you with a +0 giant club!!
You puncture the ogre! You burn the ogre.
You kill the ogre!
An ogre comes into view. It is wielding a +0 giant club.
Your Fighting skill increases to level 4!
Your Long Blades skill increases to level 4!
Your Throwing skill increases to level 1!
Your Armour skill increases to level 2!
There is a stone staircase leading up here.
You climb upwards.
There is a stone staircase leading down here.
You start resting.
HP restored.
You climb downwards.
The ogre hits you with a +0 giant club!!
There is a stone staircase leading up, spattered with blood here.
You hit the ogre. You burn the ogre.
The ogre is moderately wounded.
The ogre hits you with a +0 giant club!
* * * LOW HITPOINT WARNING * * *
You are too injured to fight recklessly!
You are too injured to fight recklessly!
You hit the ogre. You burn the ogre.
The ogre is heavily wounded.
The ogre hits you with a +0 giant club!!
Ouch! That really hurt!
You die...

### #### ?...
..# #...
#.####.##
#....#@.......
+....O....#.##
#...##)##.#
+.. ... .. #.
#...> ## +
+....O #....##
#....# .....#


You could see an ogre.

Vanquished Creatures
  An ogre (D:4)
  3 adders
  2 worms
  2 dart slugs
  9 endoplasms
  4 goblins
  4 hobgoblins
  9 jackals
  5 kobolds
  3 quokkas
  5 ball pythons
  5 bats
  2 frilled lizards
  4 rats
58 creatures vanquished.

Notes
Turn   | Place    | Note
-------+----------+-------------------------------------------
     0 | D:1      | jagang the Human Monk began the quest for the Orb.
     0 | D:1      | Reached XP level 1. HP: 18/18 MP: 1/1
   113 | D:1      | Reached XP level 2. HP: 20/24 MP: 2/2
   186 | D:1      | Reached skill level 1 in Armour
   303 | D:1      | Found Peanaf's Armour Shop.
   344 | D:1      | Reached XP level 3. HP: 25/29 MP: 3/3
   682 | D:1      | Found Yxipruv's Antique Armour Emporium.
   735 | D:1      | Found Moujyizo's General Store.
   810 | D:1      | Found Mumav's Jewellery Emporium.
  1058 | D:2      | Reached XP level 4. HP: 18/36 MP: 4/4
  1732 | D:2      | Identified the +6 spear "Qaoll" {flame, rPois rF+++ Str-5
                  | Stlth-}
  2320 | D:3      | Reached XP level 5. HP: 42/42 MP: 5/5
  2632 | D:4      | Noticed an ogre
  2638 | D:4      | Killed an ogre
  2638 | D:4      | Noticed an ogre
  2639 | D:4      | Reached skill level 1 in Throwing
  2738 | D:4      | Mangled by an ogre

Illustrated notes

Levels and vault maps discovered:
D:1:      lightli_arrival_noodles, layout_basic, serial_shops,
          nicolae_shop_tiny_waterfront, shop, shop, shop
D:2:      layout_loops_corners
D:3:      layout_loops_ring, glass_columns_c, wad_floor_pattern_untrapped
D:4:      layout_basic, kennysheep_generic_room_7, uniq_grinder, uniq_natasha,
          uniq_blork_the_orc

Skill      XL: |  1  2  3  4  5 |
---------------+----------------+-----
Armour         | 1 2 |  2.4
Fighting       | 4 |  4.2
Long Blades    | 4 |  4.2
Throwing       | 1 |  1.2
Dodging        | |  3.0

Action                     |  1- 3 |  4- 6 || total
---------------------------+-------+-------++-------
  Melee: Falchion          |    89 |    32 ||   121
         Spear             |       |    25 ||    25
  Throw: Dart              |       |     2 ||     2
 Armour: Robe              |    15 |     4 ||    19
         Chain mail        |       |    10 ||    10
  Dodge: Dodged            |    72 |    17 ||    89
